 Dungeon Crawl Stone Soup version 0.30-a0-269-gf0224bf7b6 (webtiles) character file.

Game seed: 17186464961229272684

800 slphil the Trooper (level 8, -5/61 HPs)
             Began as a Djinni Fire Elementalist on Oct 14, 2022.
             Slain by Duvessa
             ... wielding a +3 rapier of freezing
              (17 damage)
             ... on level 6 of the Dungeon.
             The game lasted 00:07:28 (4112 turns).

slphil the Trooper (Djinni Fire Elementalist)       Turns: 4112, Time: 00:07:29

Health: -5/61      AC: 13    Str:  7    XL:     8   Next: 13%
Gold:   272        EV: 16    Int: 19    God:
                   SH:  0    Dex: 14

rFire   + + .      SeeInvis .    m - +0 dagger (venom)
rCold   x . .      Faith    .    (no shield)
rNeg    . . .      Spirit   .    a - +0 robe
rPois   ∞          Reflect  .    (no helmet)
rElec   .          Harm     .    s - +0 cloak
rCorr   .          Rampage  .    (no gloves)
Will    .....                    (boots unavailable)
Stlth   ++........               (no amulet)
HPRegen 0.30/turn                z - +4 ring of protection
MPRegen 0.00/turn                d - +4 ring of evasion

@: ice-armoured, flying
A: sickness immunity, fire resistance 2, cold vulnerability 1, float, innate
caster, HP casting, extra vitality 1
a: no special abilities


You were on level 6 of the Dungeon.
You visited 1 branch of the dungeon, and saw 6 of its levels.

You collected 272 gold pieces.

Inventory:

Hand Weapons
 c - a +0 dagger
 m - a +0 dagger of venom (weapon)
Missiles
 A - 2 throwing nets
Armour
 a - a +0 robe (worn)
 s - a +0 cloak (worn)
Jewellery
 d - a +4 ring of evasion (right hand)
 z - a +4 ring of protection (left hand)
Wands
 t - a wand of digging (4)
 B - a wand of charming (11)
Scrolls
 b - 7 scrolls of amnesia {unknown}
 f - 7 scrolls of identify {unknown}
 h - 3 scrolls of noise {unknown}
 j - 2 scrolls of summoning {unknown}
 k - 4 scrolls of teleportation {unknown}
 o - a scroll of vulnerability {unknown}
 q - 4 scrolls of fear {unknown}
 r - a scroll of poison {unknown}
 u - a scroll of enchant armour {unknown}
 v - 5 scrolls of enchant weapon {unknown}
 y - 2 scrolls of blinking {unknown}
 C - a scroll of immolation {unknown}
Potions
 e - 2 potions of attraction {unknown}
 g - 2 potions of heal wounds {unknown}
 i - a potion of cancellation {unknown}
 l - 2 potions of curing {unknown}
 n - a potion of lignification {unknown}
 p - 2 potions of degeneration {unknown}
 w - 3 potions of haste {unknown}
 x - a potion of berserk rage {unknown}
 D - a potion of might {unknown}


   Skills:
 + Level 5.8 Fighting
 - Level 2.1 Dodging
 - Level 1.5 Stealth
 + Level 5.2 Spellcasting


You couldn't memorise any spells.
You knew the following spells:

 Your Spells              Type           Power      Damage    Failure   Level
a - Foxfire               Conj/Fire      96%        2x1d8     1%          1
b - Scorch                Fire           48%        2d7       2%          2
c - Kindle Blastsparks    Fire/Tloc/Air  48%        2d14      4%          3
d - Inner Flame           Hex/Fire       24%        N/A       4%          3
e - Flame Wave            Conj/Fire      24%        2d8       14%         4
f - Kiss of Death         Conj/Necr      96%        2d12      1%          1
g - Wereblood             Tmut           24%        N/A       2%          2
h - Ozocubu's Armour      Ice            24%        N/A       4%          3
Your spell library was empty.

Dungeon Overview and Level Annotations

Branches:
Dungeon (6/15)
 Temple: D:4-7

Altars:
Okawaru
Qazlal
Trog
The Shining One

Shops:
D:5 *

Annotations:
D:6 Duvessa


Innate Abilities, Weirdness & Mutations

You are immune to sickness and miasma.
You are immune to poison.
Your flesh is very heat resistant. (rF++)
You are vulnerable to cold. (rC-)
You float through the air rather than walking.
You learn spells naturally, not from books.
Your magical power is your life essence.
You have superior vitality. (+4 MHP)


Message History

A wave of flame ripples out!
The flame wave engulfs Duvessa.
Duvessa is moderately wounded.
The flame wave engulfs Dowan!
Dowan is almost dead.
You finish channelling waves of flame.
Dowan says, "Magic and the sword, together, will defeat you."
Duvessa gestures with her weapon.
Duvessa completely misses you.
Casting: Flame Wave (dangerous; 14% risk of failure)
Confirm with . or Enter, or press ? or * to list all spells.
Casting: Flame Wave (dangerous; 14% risk of failure)
Press: ? - help, Dir - look around, f - activate A wave of flame ripples out!
The flame wave engulfs Duvessa but does no damage.
Duvessa is moderately wounded. (Press . to intensify the flame waves.) Duvessa hits you with a +3 rapier of freezing.
Duvessa freezes you.
A wave of flame ripples out!
The flame wave engulfs Duvessa.
Duvessa is heavily wounded.
The flame wave engulfs Dowan!
You kill Dowan!
Duvessa weeps, and shakes her weapon.
Duvessa goes berserk!
Duvessa hits you but does no damage.
Unknown command.
A wave of flame ripples out!
The flame wave engulfs Duvessa!
Duvessa is severely wounded.
You finish channelling waves of flame.
Duvessa hits you but does no damage.
Duvessa hits you with a +3 rapier of freezing!
* * * LOW HITPOINT WARNING * * *
Duvessa freezes you.
* * * LOW HITPOINT WARNING * * *
Casting: Flame Wave (dangerous; 14% risk of failure)
Confirm with . or Enter, or press ? or * to list all spells.
Flames lash Duvessa.
Duvessa is severely wounded.
Duvessa's fire resistance burns away.
* * * LOW HITPOINT WARNING * * *
Duvessa hits you with a +3 rapier of freezing!
You die...

..........#..###...
.........###...#.#
########## ###...#
##..# ##.+ #(# #.#
#.+ + #@# .# #e#..#
#)'..+ #.#..#
#.#..# #.# #+ #..
###


You could see Duvessa (berserk, combustible).

Vanquished Creatures
  A water moccasin (D:5)
  A black bear (D:4)
  An ogre (D:3)
  A scorpion (D:5)
  Dowan (D:6)
  3 hounds
  A gnoll bouda (D:5)
  A jelly (D:6)
  2 orc priests
  5 adders
  5 gnolls (D:5)
  A white imp (D:6)
  An ufetubus (D:5)
  4 worms
  2 dart slugs
  12 orcs
  7 ball pythons
  5 bats
  5 endoplasms
  4 giant cockroaches
  4 goblins
  8 hobgoblins
  2 jackals (D:1)
  5 kobolds
  3 quokkas
  5 frilled lizards (D:2)
  5 rats
95 creatures vanquished.

Vanquished Creatures (others)
  320 foxfires
320 creatures vanquished.

Grand Total: 415 creatures vanquished

Notes
Turn   | Place    | Note
-------+----------+-------------------------------------------
     0 | D:1      | slphil the Djinni Fire Elementalist began the quest for the
                  | Orb.
     0 | D:1      | slphil set off with the following spells memorised:
                  | Foxfire, Scorch, Kindle Blastsparks, Inner Flame, Flame
                  | Wave.
     0 | D:1      | Reached XP level 1. HP: 15/15 MP: 0/0
    52 | D:1      | Reached skill level 1 in Fighting
    52 | D:1      | Reached XP level 2. HP: 8/22 MP: 0/0
   271 | D:1      | Found a faded altar of an unknown god.
   332 | D:1      | Reached XP level 3. HP: 17/27 MP: 0/0
   332 | D:1      | Learned a level 1 spell: Kiss of Death
   942 | D:2      | Reached XP level 4. HP: 29/33 MP: 0/0
  1532 | D:3      | Found a glowing golden altar of the Shining One.
  1562 | D:3      | Noticed an ogre
  1896 | D:3      | Reached XP level 5. HP: 32/40 MP: 0/0
  1896 | D:3      | Learned a level 2 spell: Wereblood
  2013 | D:3      | Killed an ogre
  2014 | D:3      | Reached XP level 6. HP: 37/46 MP: 0/0
  2805 | D:4      | Noticed a black bear
  2814 | D:4      | Killed a black bear
  2988 | D:4      | Found a stormy altar of Qazlal.
  2989 | D:4      | Found a bloodstained altar of Trog.
  3026 | D:4      | Found an iron altar of Okawaru.
  3345 | D:5      | Entered Level 5 of the Dungeon
  3419 | D:5      | Found Juorphoant's Overcharged Wands.
  3432 | D:5      | Reached XP level 7. HP: 52/53 MP: 0/0
  3432 | D:5      | Learned a level 3 spell: Ozocubu's Armour
  3498 | D:5      | Noticed a water moccasin
  3504 | D:5      | Killed a water moccasin
  3505 | D:5      | Reached skill level 5 in Fighting
  3939 | D:5      | Reached skill level 5 in Spellcasting
  4025 | D:6      | Reached XP level 8. HP: 51/60 MP: 0/0
  4102 | D:6      | Noticed Duvessa
  4102 | D:6      | Noticed Dowan
  4110 | D:6      | Killed Dowan
  4112 | D:6      | Slain by Duvessa

Illustrated notes

Levels and vault maps discovered:
D:1:      dpeg_arrival_round_a, layout_loops_ring, basic_ecumenical_altar
D:2:      layout_rooms
D:3:      layout_basic, overflow_temple_1_default
D:4:      layout_basic, nicolae_overflow_quartered_altars, serial_corexii_hall,
          corexii_hall_statues_i, chequers_hall_statues_corner_a
D:5:      layout_rooms, minmay_misc_feat_room, nicolae_shop_overcharged_wands
D:6:      layout_rooms, mainiacjoe_overflow_24_doors,
          minmay_temple_entry_arrows, minmay_manual_mandibuliform, uniq_edmund,
          uniq_duvessa

Skill      XL: |  1  2  3  4  5  6  7 |
---------------+----------------------+-----
Fighting       | 1 2 3 4 5 |  5.8
Spellcasting   | 3 4 5 |  5.2
Dodging        | |  2.1
Stealth        | |  1.5

Action                   |  1- 3 |  4- 6 |  7- 9 || total
-------------------------+-------+-------+-------++-------
Melee: Dagger            |     4 |     5 |       ||     9
       Punch             |       |     1 |       ||     1
 Cast: Foxfire           |    51 |    85 |    49 ||   185
       Scorch            |    11 |    17 |    12 ||    40
       Flame Wave        |       |       |     2 ||     2
       Ozocubu's Armour  |       |       |     1 ||     1
 Stab: Sleeping          |       |     1 |       ||     1
Armor: Robe              |     2 |     4 |     2 ||     8
Dodge: Dodged            |    15 |    34 |    12 ||    61

Table legend: (Time is in decaauts)
 A = Elapsed time spent in this place.
 B = Non-inter-level travel time spent in this place.
 C = Inter-level travel time spent in this place.
 D = Time resting spent in this place.
 E = Time spent auto-exploring this place.
 F = Levels seen in this place.
 G = Mean time per level.
                   A        B        C        D        E       F      G
               +--------+--------+--------+--------+--------+-----+--------+
         Total |   4111 |   3907 |    204 |    105 |   3270 |   6 |  685.2 |
       Dungeon |   4111 |   3907 |    204 |    105 |   3270 |   6 |  685.2 |
               +--------+--------+--------+--------+--------+-----+--------+

Top non-repeatable levels by time:
     D:4: 1094 daAuts
     D:1: 847 daAuts
     D:2: 728 daAuts
     D:3: 675 daAuts
     D:5: 672 daAuts
     D:6: 92 daAuts
